 Dungeon Crawl Stone Soup version 0.20.0-10-g0535bb4 (webtiles) character file.

63 MTVSty1e the Skirmisher (level 3, -1/31 HPs)
             Began as a Draconian Warper on June 3, 2017.
             Succumbed to Sigmund's poison
             ... on level 2 of the Dungeon.
             The game lasted 00:02:08 (1293 turns).

MTVSty1e the Skirmisher (Draconian Warper)          Turns: 1293, Time: 00:02:08

Health: -1/31      AC:  5    Str: 14    XL:     3   Next: 87%
Magic:  6/6        EV: 12    Int: 13    God:
Gold:   44         SH:  0    Dex: 12    Spells: 6/6 levels left

rFire    . . .     SeeInvis .   a - +0 hand axe
rCold    . . .     Gourm    .   (no shield)
rNeg     . . .     Faith    .   (armour unavailable)
rPois    .         Spirit   .   (helmet restricted)
rElec    .         Reflect  .   (no cloak)
rCorr    .         Harm     .   (no gloves)
MR       .....                  (no boots)
Stlth    +.........             (no amulet)
Regen    0.1/turn               e - +2 ring of dexterity
MPRegen  0.1/turn               (no ring)

@: lethally poisoned (-1 -> -50)
A: unfitting armour, cold-blooded, AC +5
a: no special abilities


You were on level 2 of the Dungeon.
You were not hungry.

You visited 1 branch of the dungeon, and saw 2 of its levels.

You collected 44 gold pieces.

Inventory:

Hand Weapons
 a - a +0 hand axe (weapon)
Missiles
 d - 5 tomahawks of dispersal (quivered)
 l - 8 tomahawks
Jewellery
 e - a +2 ring of dexterity (left hand)
 k - an uncursed ring of ice {unknown}
Scrolls
 c - 2 scrolls of blinking
 h - a scroll of recharging {unknown}
 i - a scroll of random uselessness {unknown}
 n - a scroll of enchant armour {unknown}
 o - a scroll of magic mapping {unknown}
 p - a scroll of enchant weapon {unknown}
Potions
 g - a potion of magic {unknown}
 j - a potion of heal wounds
 r - a potion of degeneration {unknown}
Books
 b - a book of Spatial Translocations

   Spells                             Type                      Level
   a - Blink                          Translocation                2
   b - Shroud of Golubria             Charms/Translocation         2
   c - Lesser Beckoning               Translocation                3
   d - Gell's Gravitas                Translocation                3
   e - Teleport Other                 Translocation                3
   f - Passage of Golubria            Translocation                4
Comestibles
 f - 2 bread rations
 m - a meat ration
 q - 2 chunks of flesh


   Skills:
 + Level 3.4 Fighting
 * Level 3.4 Axes
 - Level 0.8 Throwing
 - Level 2.1 Dodging
 - Level 2.0 Spellcasting
   Level 3.0 Translocations


You had 6 spell levels left.
You didn't know any spells.

Dungeon Overview and Level Annotations

Branches:
Dungeon (2/15)

Altars:

Annotations:
D:2 Sigmund


Innate Abilities, Weirdness & Mutations

Your plain brown scales are hard. (AC +5)
You cannot fit into any form of body armour.
You are cold-blooded and may be slowed by cold attacks.


Message History

You feel sick.
You closely miss Sigmund.
Sigmund is lightly wounded.
You feel sick.
Sigmund hits you with a scythe of venom.
You are more poisoned.
You hit Sigmund but do no damage.
Sigmund is lightly wounded.
You feel sick.
Sigmund hits you with a scythe of venom!
* * * LOW HITPOINT WARNING * * *
You are more poisoned.
* * * LOW HITPOINT WARNING * * *
You feel very sick.
Sigmund hits you from afar with a scythe of venom.
* * * LOW HITPOINT WARNING * * *
You are more poisoned.
You see here a glowing blue potion.
r - a glowing blue potion You die...

#.# .. .. .. #.## .#
#.. .# ###..##.#
#.......# #.##@...# .
#.# #.@.##.# # #.#
#...$..# #
#.#####.###...##.# #
#..†..........<..# #
####.##............ #
#.##....#.....##
########.##..#.#.....#
...................."#
...###.####............


You could see Sigmund.

Vanquished Creatures
  Robin (D:2)
  An adder (D:2)
  A dart slug (D:1)
  A ball python (D:1)
  2 giant cockroaches (D:1)
  13 goblins
  5 hobgoblins (D:1)
  4 bats (D:1)
  3 kobolds (D:1)
  6 rats
37 creatures vanquished.

Notes
Turn   | Place    | Note
-------+----------+-------------------------------------------
     0 | D:1      | MTVSty1e the Draconian Warper began the quest for the Orb.
     0 | D:1      | Reached XP level 1. HP: 17/17 MP: 3/3
   232 | D:1      | Reached XP level 2. HP: 20/25 MP: 5/5
  1089 | D:2      | Reached XP level 3. HP: 27/31 MP: 6/6
  1131 | D:2      | Noticed Robin
  1190 | D:2      | Killed Robin
  1286 | D:2      | Noticed Sigmund
  1293 | D:2      | Succumbed to Sigmund's poison

Skill      XL: |  1  2 |
---------------+-------+-----
Axes           | 3 |  3.4
Fighting       | 3 |  3.4
Throwing       | |  0.8
Dodging        | |  2.1
Spellcasting   | |  2.0
Translocations | |  3.0

Action                   || total
-------------------------++-------
Melee: Hand axe          ||   130
       Tailslap          ||    11
  Use: Potion            ||     2
 Stab: Sleeping          ||     1
  Eat: Chunk             ||     2
Armor: Skin              ||    48
Dodge: Dodged            ||    95
